Unix NetHack Version 5.0.0-0 post-release - last build May 23 2026 06:08:33 (1c0ff79ee797540d5714e4e18072db0edd9e58ae,branch:main).

Game began 2026-05-25 18:53:41, ended 2026-05-25 19:11:36.

Japes, lawful female human Valkyrie

       ---------                     ---  -------
      --.--.|..|            ----- ----.----..--.--------    ------
   ----........|  ---       |.....................--...    --....-------
   |..........-----.--      |    --------.....#....|..-    |.........%.---
   |..--......|-.....|               |..|......%.{....--   |........--...|
   ----|-.....|..--..|               |..|..----.....#..|   --...%....|...----
       |..........|-.--------    ----|..|..|  |........|    |.--(--.---...|.--
       --.........|..................|-|-..|  --|--...--    ---|.|--- |......|
        |-.....|..|-.-------------|---.....-+--...|...|        |.|    |.....--
    -----....-----|..|...|...|  |.............|((+|...+      --|.|    --..---
 ----........|    |..|...-...|  |...{..------ |(!(|...--------.|)|     |..|
 |...>......-| ----..|...|...-+--......|.     |---|...)....--....|     --.|
--.....---...|--.....-----.............-@     |...|.........%....|      |.|
|.....-- |...--..---....%....-|---|--..|.((---|...|..-----<---.---      |.--
--...--  ---....--|..-.+---|-|..|.  |..-----..|...|..|...|.| ---       --..|
 --..|     |......|..|...|...|..|!  |.........--|--..-...|.|           |...|
  ----    --.........|...|......|   |................|...|.|           |..--
          |..........|---....----   |................|---|.|           ----
          ---....|...|              -----...-..-------   ---
            --..---.--                  --....--
             ---- ---                    ------
Japes the Skirmisher        St:18/01 Dx:16 Co:16 In:10 Wi:8 Ch:7  Lawful
Dlvl:5  $:14 HP:0(38) Pw:11(11) AC:1  Xp:5/219 T:1455  Burdened Blind

Latest messages:
 Your movements are slowed slightly because of your load.
 You hear a door open.
 The gnome lord just misses!
 You hit the gnome lord!
 The gnome lord hits!
 You kill the gnome lord!
 You kill the gnome!
 You see here an aklys.
 The gnome swings his bow.
 The gnome misses!
 You kill the gnome!
 You feel agile!
 You must have been working on your reflexes.
 The door resists!
 The door opens.
 You hit the kobold mummy!
 The kobold mummy hits!
 You miss the kobold mummy.
 You miss the kobold mummy.
 The kobold mummy hits!
 The kobold mummy hits!
 You hit the kobold mummy!
 The kobold mummy hits!
 You destroy the kobold mummy!
 You see here a mummy wrapping.
 You have a little trouble lifting M - a mummy wrapping.
 You miss the grid bug.
 The grid bug just misses!
 The grid bug bites!
 You avoid harm.
 The yellow light explodes!
 You are blinded by a blast of light!
 You feel an unseen monster!
 It misses!
 It misses!
 You kill it!
 "Velkommen, Japes!  Welcome to Regien's hardware store!"
 Wait!  There's something there you can't see!
 It gets angry!
 It exclaims "What?" then shrugs.
 "Halt!  You're under arrest!"
 You hear the shrill sound of guards' whistles.
 You feel an unseen monster!
 It hits!
 You feel an unseen monster!
 It hits!
 You die...
 Regien gratefully inherits all your possessions.
 Do you want to see what you had when you died? [ynq] (y)
 Do you want to see your attributes? [ynq] (y)

Inventory:
 Coins    ('$')
  $ - 14 gold pieces
 Weapons  (')')
  x - 13 +0 arrows
  F - 7 cursed -1 arrows
  w - 14 +0 crossbow bolts
  D - 2 cursed -2 crossbow bolts
  H - a +1 bow
  G - a +0 bow
  A - a +0 crossbow
  L - 3 blessed +0 daggers
  b - 3 +0 daggers (alternate weapons; not wielded)
  f - a +0 orcish dagger
  a - a +1 spear (weapon in right hand)
  E - a blessed +2 aklys
 Armor    ('[')
  m - an uncursed +0 pair of iron shoes (being worn)
  K - a blessed +0 pair of low boots
  c - a blessed +3 small shield (being worn)
  n - an uncursed +0 dwarvish cloak (being worn)
  M - an uncursed +0 mummy wrapping
  o - an uncursed +0 studded leather armor (being worn)
 Comestibles  ('%')
  d - 3 uncursed food rations
  e - an uncursed sprig of wolfsbane
  i - an uncursed lichen corpse
 Scrolls  ('?')
  p - 3 uncursed scrolls of enchant weapon
 Spellbooks  ('+')
  q - an uncursed spellbook of jumping
 Potions  ('!')
  k - an uncursed potion of blindness
  r - a cursed potion of fruit juice
  J - a cursed potion of paralysis
 Rings    ('=')
  I - an uncursed +3 ring of protection
  s - an uncursed ring of searching (on right hand)
  v - an uncursed ring of stealth
 Wands    ('/')
  B - a wand of light (0:14)
 Tools    ('(')
  g - an uncursed blindfold
  u - a crystal ball (0:4)
  j - an uncursed lock pick
 Gems/Stones  ('*')
  h - 3 uncursed worthless pieces of black glass
  C - an uncursed worthless piece of violet glass
  y - 2 uncursed worthless pieces of white glass

Japes the Valkyrie's attributes:

Background:
 You were a Skirmisher, a level 5 human Valkyrie.
 You were lawful, nominally on a mission for Tyr
 who was opposed by Odin (neutral) and Loki (chaotic).
 You were right-handed.
 You were in the Gnomish Mines, on level 5.
 You entered the dungeon 1455 turns ago.
 You had 219 experience points, 101 more were needed to attain level 6.

Basics:
 You had 0 out of 38 hit points.
 You had all 11 energy points (spell power).
 Your armor class was 1.
 Your wallet contained 14 zorkmids.
 Autopickup was on for '$' plus thrown.

Final Characteristics:
 Your strength was 18/01 (limit:18/100).
 Your dexterity was 16 (limit:18).
 Your constitution was 16 (limit:18).
 Your intelligence was 10 (limit:18).
 Your wisdom was 8 (limit:18).
 Your charisma was 7 (limit:18).

Final Status:
 You were temporarily blind.
 You weren't hungry.
 You were burdened; movement was slightly slowed.
 You were wielding a spear.
 You had basic skill with spear.

Final Attributes:
 You were devoutly aligned.
 Your items were somewhat protected from fire.
 You were cold resistant.
 Your items were somewhat protected from cold.
 You had automatic searching.
 You were stealthy.
 You were warded.
 You are dead.

Miscellaneous:
 You didn't encounter any bones levels.
 Total elapsed playing time was 17 minutes and 54 seconds.

Major events:
 Turn
    1: Japes the lawful human Valkyrie entered the dungeon
  566: entered the Gnomish Mines
  571: attained the rank of Skirmisher (level 3)
 1065: reached Mine Town
 1455: killed by a watch captain

You didn't know any spells.

Skills:
 Fighting Skills
   bare handed combat [Unskilled]
   two weapon combat  [Unskilled]
   riding             [Unskilled]
 Weapon Skills
   dagger             [Basic]
   axe                [Unskilled]
   pick-axe           [Unskilled]
   short sword        [Unskilled]
   broadsword         [Unskilled]
   long sword         [Unskilled]
   two-handed sword   [Unskilled]
   saber              [Unskilled]
   hammer             [Unskilled]
   quarterstaff       [Unskilled]
   polearms           [Unskilled]
   spear              [Basic]
   trident            [Unskilled]
   lance              [Unskilled]
   sling              [Unskilled]
 Spellcasting Skills
   attack spells      [Unskilled]
   escape spells      [Unskilled]

Voluntary challenges:
 Character rerolling was not enabled.
 You were an atheist.
 You were illiterate.
 You never genocided any monsters.
 You never polymorphed an object.
 You never changed form.
 You used no wishes.
Achievements:
 You entered the Gnomish Mines.
 You attained the rank of Skirmisher.
 You entered a shop.
 You entered Minetown.

 The Dungeons of Doom: levels 1 to 3
    Level 1:
       A fountain.
    Level 2:
       A food shop, a fountain, a sink.
       Stairs down to The Gnomish Mines.
    Level 3:
 The Gnomish Mines: levels 3 to 5
    Level 3:
    Level 4:
    Level 5: <- You were here.
       A tool shop, some fountains, some trees.
       Final resting place for
          you, killed by a watch captain.


Vanquished creatures:
  a yellow light
  4 gnome leaders
  a kobold mummy
  a dwarf
  a kobold leader
  a coyote
  a hobgoblin
  2 giant rats
 10 gnomes
  4 garter snakes
  2 jackals
  a kobold
  a goblin
  5 grid bugs
  5 lichens
  5 newts
45 creatures vanquished.

No species were genocided or became extinct.

Game over:
                       ----------
                      /          \
                     /    REST    \
                    /      IN      \
                   /     PEACE      \
                  /                  \
                  |      Japes       |
                  |      14 Au       |
                  |   killed by a    |
                  |  watch captain   |
                  |                  |
                  |                  |
                  |       2026       |
                 *|     *  *  *      | *
        _________)/\\_//(\/(/\)/\//\/|_)_______

Farvel Japes the Valkyrie...

You died in The Gnomish Mines on dungeon level 5 with 1099 points,
and 14 pieces of gold, after 1455 moves.
You were level 5 with a maximum of 38 hit points when you died.

